AoeStats
← I Hate Rush

Four Lakes

509382133Analyzed
1v1 RM · 5d ago on Sep 26, 2026· 32m 44s· 2 players
Game mode
Random Map
Map size
Tiny (2 player)
Population
200
Speed
Normal
Resources
Standard
Victory
Conquest
Starting age
Dark Age
Ending age
Imperial Age
RankedLock teamsTeams togetherTeam positionsShared explorationLock speedFull tech treeHidden civsTurbo modeCheats
Victory
Defeat
🇭🇰 Persians · Hong Kong SAR China
1368
+15
🇪🇸 Magyars · Spain
1357
-15
mikel.carcedo.95
9:05 Loom
12:09 Feudal Age
18:59 Castle Age
17:02 Double-Bit Axe
19:04 Bloodlines
19:23 Scale Barding Armor
20:41 Fishing Lines
21:53 Wheelbarrow
21:03 Town Watch
22:19 Pikeman
23:14 Husbandry
29:20 Scale Mail Armor
32:04 Chain Mail Armor
I Hate Rush
6:10 Loom
9:46 Feudal Age
10:27 Double-Bit Axe
20:38 Castle Age
18:53 Gold Mining
19:12 Scale Barding Armor
20:12 Bloodlines
21:32 Wheelbarrow
21:16 Bow Saw
23:18 Chain Barding Armor
23:24 Husbandry
24:16 Horse Collar
27:32 Forging
30:08 Stone Mining
30:33 Town Watch
Connection lost

Rejoining the realm…

Still unreachable

The connection could not be restored.

Session expired

The server has moved on; the page needs a fresh start.